 Dungeon Crawl Stone Soup version 0.27-a0-1308-gc08437e49b (webtiles) character file.

Game seed: 14246732829465315585

1248 dolemite99 the Cleaver (level 8, 0/70 HPs)
             Began as a Minotaur Monk on June 19, 2021.
             Was a High Priest of the Shining One.
             Succumbed to a kobold brigand's poison
             ... on level 6 of the Dungeon.
             The game lasted 00:08:35 (6767 turns).

dolemite99 the Cleaver (Minotaur Monk)              Turns: 6767, Time: 00:08:35

Health: 0/70       AC: 13    Str: 18    XL:     8   Next: 26%
Magic:  7/7        EV:  8    Int:  7    God:    the Shining One [*****.]
Gold:   340        SH:  0    Dex: 13    Spells: 7/7 levels left

rFire    . . .     SeeInvis .   a - +0 war axe
rCold    . . .     Faith    .   (no shield)
rNeg     + + .     Spirit   .   n - +0 chain mail
rPois    .         Reflect  .   (helmet restricted)
rElec    .         Harm     .   r - +0 cloak
rCorr    .         Rampage  .   d - +0 pair of gloves
Will     .....                  (no boots)
Stlth    ..........             (no amulet)
HPRegen  0.21/turn              (no ring)
MPRegen  0.10/turn              (no ring)

@: lethally poisoned (0 -> -5), glowing
A: horns 2, retaliatory headbutt
a: Renounce Religion, Divine Shield, Cleansing Flame, Summon Divine Warrior


You were on level 6 of the Dungeon.
You worshipped the Shining One.
The Shining One was extremely pleased with you.
You visited 1 branch of the dungeon, and saw 6 of its levels.

You collected 340 gold pieces.

Inventory:

Hand Weapons
 a - a +0 war axe (weapon)
 b - a +0 hunting sling
 e - a +0 hand axe
 o - a +2 dagger of venom
 G - a +0 shortbow
 K - a +0 battleaxe
 L - a +1 short sword of electrocution
Missiles
 c - 5 javelins
 g - 88 arrows
 i - 13 poisoned darts (quivered)
 j - a curare-tipped dart
 p - 170 stones
 t - 81 bolts
 w - 13 boomerangs
Armour
 d - a +0 pair of gloves (worn)
 h - a +0 robe
 l - a +0 leather armour
 n - a +0 chain mail (worn)
 r - a +0 cloak (worn)
 u - a +0 ring mail
Magical Staves
 v - a staff of cold
Jewellery
 F - an amulet of reflection
 N - a +4 ring of evasion
Wands
 y - a wand of iceblast (8)
 C - a wand of flame (18)
Scrolls
 f - a scroll of vulnerability {unknown}
 x - a scroll of enchant weapon {unknown}
 E - a scroll of amnesia {unknown}
 H - 2 scrolls of teleportation {unknown}
 I - a scroll of brand weapon {unknown}
 J - 3 scrolls of noise {unknown}
 M - a scroll of summoning
 O - 2 scrolls of blinking {unknown}
Potions
 k - a potion of haste {unknown}
 m - 2 potions of attraction
 s - 2 potions of flight
 z - a potion of brilliance {unknown}
 D - a potion of degeneration {unknown}
 P - a potion of resistance {unknown}
Miscellaneous
 B - a phantom mirror (inert)


   Skills:
 - Level 6.3 Fighting
 - Level 8.0 Axes
 - Level 3.5 Slings
 + Level 6.6 Armour
 - Level 3.2 Dodging
 - Level 1.5 Stealth


You had 7 spell levels left.
You didn't know any spells.
Your spell library contained the following spells:

 Spells                   Type           Power      Damage    Failure   Level
 Corona                   Hex            0%         N/A       99%         1
 Sting                    Tmut/Pois      0%         1d3       99%         1
 Summon Small Mammal      Summ           0%         N/A       99%         1
 Call Imp                 Summ           0%         N/A       100%        2
 Poisonous Vapours        Pois/Air       0%         N/A       100%        2
 Slow                     Hex            0%         N/A       100%        2
 Call Canine Familiar     Summ           0%         N/A       100%        3
 Confusing Touch          Hex            0%         N/A       100%        3
 Gell's Gravitas          Tloc           0%         N/A       100%        3
 Ignite Poison            Fire/Tmut/Pois 0%         N/A       100%        3
 Inner Flame              Hex/Fire       0%         N/A       100%        3
 Mephitic Cloud           Conj/Pois/Air  0%         N/A       100%        3
 Portal Projectile        Hex/Tloc       0%         N/A       100%        3
 Summon Guardian Golem    Hex/Summ       0%         N/A       100%        3
 Cause Fear               Hex            0%         N/A       100%        4
 Leda's Liquefaction      Hex/Erth       0%         N/A       100%        4
 Olgreb's Toxic Radiance  Pois           0%         N/A       100%        4
 Petrify                  Tmut/Erth      0%         N/A       100%        4
 Summon Ice Beast         Ice/Summ       0%         N/A       100%        4
 Summon Lightning Spire   Summ/Air       0%         N/A       100%        4
 Metabolic Englaciation   Hex/Ice        0%         N/A       100%        5
 Yara's Violent Unravell  Hex/Tmut       0%         3d3       100%        5


Dungeon Overview and Level Annotations

Branches:
Dungeon (6/15)
 Temple: D:4-7

Altars:
Elyvilon
Kikubaaqudgha
Makhleb
Nemelex Xobeh
Sif Muna
Xom
The Shining One

Annotations:
D:3 2 runed translucent doors, 2 transporters, Mythocy's ghost, amateur DrCj


Innate Abilities, Weirdness & Mutations

You have a pair of horns on your head.
You reflexively headbutt those who attack you in melee.


Message History

You feel very sick.
The kobold brigand throws a poisoned dart.
The poisoned dart hits you!
You are more poisoned.
Fire: 172 stones
Press: ? - help, Q - select action, (/) - cycle Shift-Dir - straight line, f/p - kobold brigand
Aim: a kobold brigand, wielding a +0 whip and quivering poisoned darts (heavily wounded, haloed, 71% to hit)
You shoot a stone.
The stone hits the kobold brigand but does no damage.
The kobold brigand is heavily wounded.
You feel very sick.
Fire: 171 stones
Press: ? - help, Q - select action, (/) - cycle Shift-Dir - straight line, f/p - kobold brigand
Aim: a kobold brigand, wielding a +0 whip and quivering poisoned darts (heavily wounded, haloed, 71% to hit)
You shoot a stone. The stone hits the kobold brigand.
The kobold brigand is heavily wounded.
You feel very sick.
The kobold brigand hits you with a +0 whip.
* * * LOW HITPOINT WARNING * * *
a - a +0 war axe (weapon)
You feel sick.
You barely miss the kobold brigand.
The kobold brigand is heavily wounded.
You feel very sick.
The kobold brigand hits you with a +0 whip.
* * * LOW HITPOINT WARNING * * *
You hit the kobold brigand.
The kobold brigand is severely wounded.
You feel sick.
The kobold brigand hits you but does no damage.
The kobold brigand hits you with a +0 whip!
* * * LOW HITPOINT WARNING * * *
You closely miss the kobold brigand.
Your headbutt misses the kobold brigand.
The kobold brigand is severely wounded.
* * * LOW HITPOINT WARNING * * *
You feel sick. The kobold brigand barely misses you.
You hit the kobold brigand but do no damage.
The kobold brigand is severely wounded.
You die...

#.### ##### #..####...##
#....)....##
########.).### ##))....
##)...... ##).......
(.(############)..###...
(((())K@...##..)### ##..
.(.().##.......## ###
###.# ###.....# #
#.....# ##.......
#......... #..........
........... #...........


You could see a kobold brigand.

Vanquished Creatures
  A wyvern (D:6)
  A black bear (D:6)
  A necrophage (D:5)
  A centaur (D:5)
  A kobold brigand (D:6)
  A gnoll sergeant (D:4)
  2 scorpions
  A bullfrog zombie (D:5)
  2 orc priests
  2 hounds
  An orc wizard (D:5)
  5 iguanas
  A hound skeleton (D:4)
  3 gnolls (D:4)
  A howler monkey skeleton (D:6)
  11 adders
  2 ufetubi
  3 worms
  2 dart slugs
  20 orcs
  5 endoplasms
  10 giant cockroaches
  8 goblins
  8 hobgoblins
  4 quokkas
  10 ball pythons
  11 bats
  2 frilled lizards
  14 kobolds
  7 rats
141 creatures vanquished.

Vanquished Creatures (collateral kills)
  2 kobolds (D:6)
2 creatures vanquished.

Vanquished Creatures (others)
  A plant (D:4)
1 creature vanquished.

Grand Total: 144 creatures vanquished

Notes
Turn   | Place    | Note
-------+----------+-------------------------------------------
     0 | D:1      | dolemite99 the Minotaur Monk began the quest for the Orb.
     0 | D:1      | Reached XP level 1. HP: 19/19 MP: 0/0
   145 | D:1      | Found a faded altar of an unknown god.
   153 | D:1      | Reached skill level 4 in Axes
   202 | D:1      | Became a worshipper of the Shining One
   202 | D:1      | Reached * piety under the Shining One
   202 | D:1      | Reached ** piety under the Shining One
   277 | D:1      | Reached XP level 2. HP: 25/26 MP: 1/1
   618 | D:1      | Reached *** piety under the Shining One
   934 | D:2      | Reached skill level 5 in Axes
   963 | D:2      | Reached XP level 3. HP: 16/31 MP: 2/2
  1627 | D:2      | Reached skill level 6 in Axes
  1627 | D:2      | Reached XP level 4. HP: 39/39 MP: 3/3
  2031 | D:3      | Found a large runed translucent door.
  2034 | D:3      | Found a large runed translucent door.
  2352 | D:3      | Found a transporter.
  2352 | D:3      | Noticed Mythocy's ghost (amateur DrCj)
  2433 | D:3      | Reached XP level 5. HP: 45/45 MP: 4/4
  2460 | D:3      | Reached skill level 7 in Axes
  2486 | D:3      | Found a transporter.
  2906 | D:4      | Found a burning altar of Makhleb.
  3044 | D:4      | Reached **** piety under the Shining One
  3144 | D:4      | Reached skill level 8 in Axes
  3174 | D:4      | Reached skill level 1 in Slings
  3174 | D:4      | Reached XP level 6. HP: 40/51 MP: 5/5
  3374 | D:4      | Found a sparkling altar of Nemelex Xobeh.
  3375 | D:4      | Found a shimmering altar of Xom.
  3375 | D:4      | Found a white marble altar of Elyvilon.
  3824 | D:4      | Found an ancient bone altar of Kikubaaqudgha.
  4330 | D:5      | Entered Level 5 of the Dungeon
  4420 | D:5      | Reached XP level 7. HP: 53/60 MP: 6/6
  4718 | D:5      | Reached skill level 5 in Fighting
  5190 | D:5      | Reached skill level 1 in Armour
  5198 | D:5      | Found a shimmering blue altar of Sif Muna.
  6062 | D:6      | Noticed a wyvern
  6070 | D:6      | Killed a wyvern
  6071 | D:6      | Reached skill level 5 in Armour
  6071 | D:6      | Reached XP level 8. HP: 54/70 MP: 7/7
  6200 | D:6      | Reached ***** piety under the Shining One
  6766 | D:6      | HP: 2/70 [poisoned by a kobold brigand]
  6767 | D:6      | Succumbed to a kobold brigand's poison

Illustrated notes

Levels and vault maps discovered:
D:1:      ebering_hopf_link, layout_rooms,
          chequers_ecumenical_altar_simple_redux, minmay_box_of_dots
D:2:      layout_rooms, grunt_ministairs_2, minmay_tall_x
D:3:      layout_basic, jmf_multi_god_temple2, gammafunk_ghost_stat_death,
          minmay_misc_feat_square, minmay_randomly_rotated_circles
D:4:      layout_basic, kennysheep_little_box, nicolae_overflow_hidden_temple,
          gammafunk_temple_overflow_forgotten, lightli_minifort
D:5:      layout_rooms, nicolae_overflow_crystal_walls
D:6:      layout_layer_cave

Skill      XL: |  1  2  3  4  5  6  7  8 |
---------------+-------------------------+-----
Axes           | 4 5 6 8 |  8.0
Slings         | 1 3 |  3.5
Fighting       | 4 6 |  6.3
Armour         | 5 6 |  6.6
Dodging        | |  3.2
Stealth        | |  1.5

Action                   |  1- 3 |  4- 6 |  7- 9 || total
-------------------------+-------+-------+-------++-------
Melee: Hand axe          |    15 |       |       ||    15
       Headbutt          |    13 |     6 |     4 ||    23
       War axe           |    27 |    24 |    41 ||    92
       Dagger            |    13 |       |       ||    13
 Fire: Hunting sling     |     1 |   230 |    96 ||   327
Throw: Javelin           |     7 |       |       ||     7
       Dart              |       |       |     5 ||     5
Evoke: Phantom mirror    |       |       |     1 ||     1
  Use: Scroll            |       |     1 |     4 ||     5
       Potion            |       |       |     4 ||     4
 Stab: Sleeping          |     1 |       |       ||     1
Armor: Robe              |    10 |       |       ||    10
       Leather armour    |     7 |     3 |       ||    10
       Chain mail        |       |    27 |    40 ||    67
       Ring mail         |       |     2 |       ||     2
Dodge: Dodged            |    48 |    37 |    39 ||   124

Table legend: (Time is in decaauts)
 A = Elapsed time spent in this place.
 B = Non-inter-level travel time spent in this place.
 C = Inter-level travel time spent in this place.
 D = Time resting spent in this place.
 E = Time spent auto-exploring this place.
 F = Levels seen in this place.
 G = Mean time per level.
                   A        B        C        D        E       F      G
               +--------+--------+--------+--------+--------+-----+--------+
         Total |   6833 |   6614 |    219 |   2406 |   2898 |   6 | 1138.8 |
       Dungeon |   6833 |   6614 |    219 |   2406 |   2898 |   6 | 1138.8 |
               +--------+--------+--------+--------+--------+-----+--------+

Top non-repeatable levels by time:
     D:4: 1450 daAuts
     D:6: 1425 daAuts
     D:2: 1159 daAuts
     D:5: 1038 daAuts
     D:3: 906 daAuts
     D:1: 853 daAuts
